 Dungeon Crawl Stone Soup version 0.29.1-2-gbd0b4ee654 (webtiles) character file.

Game seed: 9708208164237604148

557 Firos the Conjurer (level 7, -4/38 HPs)
             Began as a Deep Elf Conjurer on Nov 12, 2022.
             Was a Follower of Vehumet.
             Slain by a two-headed ogre
             ... wielding a +0 giant spiked club
              (22 damage)
             ... on level 5 of the Dungeon.
             The game lasted 00:11:51 (5023 turns).

Firos the Conjurer (Deep Elf Conjurer)              Turns: 5023, Time: 00:11:52

Health: -4/38      AC:  3    Str:  4    XL:     7   Next: 9%
Magic:  1/17       EV: 13    Int: 25    God:    Vehumet [*.....]
Gold:   238        SH:  0    Dex: 13    Spells: 4/17 levels left

rFire   . . .      SeeInvis .   i - +1 long sword (vorpal)
rCold   . . .      Faith    .   (no shield)
rNeg    . . .      Spirit   .   a - +0 robe
rPois   .          Reflect  .   (no helmet)
rElec   .          Harm     .   n - +0 cloak
rCorr   .          Rampage  .   (no gloves)
Will    .....                   (no boots)
Stlth   ++........              (no amulet)
HPRegen 0.12/turn               (no ring)
MPRegen 0.15/turn               (no ring)

@: no status effects
A: no striking features
a: Renounce Religion


You were on level 5 of the Dungeon.
You worshipped Vehumet.
Vehumet was aware of your devotion.
You visited 2 branches of the dungeon, and saw 6 of its levels.

You collected 238 gold pieces.

Inventory:

Hand Weapons
 i - a +1 vorpal long sword (weapon)
Armour
 a - a +0 robe (worn)
 n - a +0 cloak (worn)
Wands
 h - a wand of acid (9)
 j - a wand of roots (5)
Scrolls
 d - a scroll of magic mapping
 e - 2 scrolls of enchant weapon
 p - a scroll of enchant armour {unknown}
 q - a scroll of immolation {unknown}
Potions
 b - 2 potions of magic
 c - a potion of resistance
 f - a potion of brilliance {unknown}
 g - 6 potions of curing
 k - a potion of cancellation {unknown}
 l - a potion of flight {unknown}
 m - a potion of haste {unknown}
 o - a potion of mutation {unknown}


   Skills:
 + Level 1.1 Fighting
 + Level 3.2 Dodging
 - Level 2.4 Stealth
 + Level 5.7 Spellcasting
 * Level 7.4 Conjurations
 + Level 2.6 Translocations


You had 4 spell levels left.
You knew the following spells:

 Your Spells              Type           Power      Damage    Failure   Level
a - Magic Dart            Conj           100%       1d8       1%          1
b - Searing Ray           Conj           88%        2d7       1%          2
c - Mephitic Cloud        Conj/Pois/Air  19%        N/A       9%          3
d - Iskenderun's Mystic   Conj/Tloc      32%        2d8       10%         4
e - Dazzling Flash        Conj/Hex       50%        N/A       4%          3

Your spell library contained the following spells:

 Spells                   Type           Power      Damage    Failure   Level
 Sandblast                Erth           14%        2d6       8%          1
 Sting                    Tmut/Pois      28%        1d4       8%          1
 Call Imp                 Summ           7%         N/A       12%         2
 Poisonous Vapours        Pois/Air       14%        N/A       12%         2
 Fulminant Prism          Conj/Hex       12%        3d9       17%         4
 Passage of Golubria      Tloc           20%        N/A       26%         4
 Olgreb's Toxic Radiance  Pois           7%         N/A       58%         4
 Silence                  Hex/Air        3%         N/A       91%         5
 Lehudib's Crystal Spear  Conj/Erth      12%        10d4      100%        8


Dungeon Overview and Level Annotations

Branches:
Dungeon (5/15)             Temple (1/1) D:4

Altars:
Ashenzari
Elyvilon
Gozag
Hepliaklqana
Kikubaaqudgha
Makhleb
Nemelex Xobeh
Qazlal
Sif Muna
Trog
Uskayaw
Vehumet
Wu Jian
Xom
Yredelemnul
Zin


Message History

The two-headed ogre is moderately wounded.
Aiming: Corrosive Bolt
Press: ? - help, Shift-Dir - straight line, f/p - two-headed ogre
Aim: a two-headed ogre, wielding two +0 giant spiked clubs (moderately wounded, 86% to hit)
Okay, then.
Aiming: Corrosive Bolt
Press: ? - help, Shift-Dir - straight line, f/p - two-headed ogre
Aim: a two-headed ogre, wielding two +0 giant spiked clubs (moderately wounded, 86% to hit)
The bolt of acid hits the two-headed ogre!!
The two-headed ogre is heavily wounded.
Aiming: Corrosive Bolt
Press: ? - help, Shift-Dir - straight line, f/p - two-headed ogre
Aim: a two-headed ogre, wielding two +0 giant spiked clubs (heavily wounded, 86% to hit)
The bolt of acid misses the two-headed ogre.
The two-headed ogre closely misses you. The two-headed ogre misses you.
Aiming: Corrosive Bolt
Press: ? - help, Shift-Dir - straight line, f/p - two-headed ogre
Aim: a two-headed ogre, wielding two +0 giant spiked clubs (heavily wounded, 86% to hit)
The bolt of acid misses the two-headed ogre.
The two-headed ogre hits you with a +0 giant spiked club!
The two-headed ogre barely misses you.
Okay, then.
Casting: Magic Dart (safe; 1% risk of failure)
Confirm with . or Enter, or press ? or * to list all spells.
The spell is quite dangerous to miscast (10% risk of failure)!
Continue anyway?
You erupt in a blast of force!
The mystic blast hits the two-headed ogre.
The two-headed ogre is heavily wounded.
Okay, then.
Okay, then.
Aiming: Fastroot
Press: ? - help, Shift-Dir - straight line, f/p - two-headed ogre
Aim: a two-headed ogre, wielding two +0 giant spiked clubs (heavily wounded)
The roots erupt in riotous growth!
Roots grab the two-headed ogre.
The grasping roots constrict the two-headed ogre.
The two-headed ogre closely misses you.
The two-headed ogre hits you with a +0 giant spiked club!!
Ouch! That really hurt!
You die...

### ###.### #...#.. #.#.#.#
###########.#.#.#
###########...........#.#.#
#.............@O.†......#.#####
#.#########.##.................
#.# #.##.##########.##### #.#
#.##)# #.# #.#########.##.# #.#
###.#.......#.##.# #.#
#...'.......+..... ...
#.#.#.......#.##.# #.#
..#.#.......#.##. #+#


You could see a two-headed ogre (rooted).

Vanquished Creatures
  An ogre (D:4)
  A scorpion (D:5)
  2 jellies
  An orc priest (D:4)
  A hound (D:4)
  Ijyb (D:4)
  An orc wizard (D:5)
  2 iguanas
  8 adders
  An ufetubus (D:4)
  4 worms
  3 dart slugs (D:1)
  11 orcs
  9 endoplasms
  4 giant cockroaches
  5 goblins
  8 hobgoblins
  7 jackals
  3 kobolds
  A quokka (D:3)
  6 ball pythons
  6 bats
  4 frilled lizards
  8 rats
98 creatures vanquished.

Vanquished Creatures (others)
  A plant (D:2)
1 creature vanquished.

Grand Total: 99 creatures vanquished

Notes
Turn   | Place    | Note
-------+----------+-------------------------------------------
     0 | D:1      | Firos the Deep Elf Conjurer began the quest for the Orb.
     0 | D:1      | Reached XP level 1. HP: 10/10 MP: 6/6
   249 | D:1      | Reached XP level 2. HP: 15/15 MP: 6/8
   252 | D:1      | Learned a level 2 spell: Searing Ray
   274 | D:1      | You fall into a shaft and drop 1 floor!
   390 | D:2      | Reached skill level 5 in Conjurations
   500 | D:2      | Reached XP level 3. HP: 19/19 MP: 6/10
  1496 | D:2      | Reached XP level 4. HP: 24/24 MP: 9/12
  2144 | D:2      | Found a faded altar of an unknown god.
  2540 | D:3      | Learned a level 3 spell: Mephitic Cloud
  2545 | D:3      | Learned a level 4 spell: Iskenderun's Mystic Blast
  2548 | D:3      | Reached skill level 6 in Conjurations
  2816 | D:3      | Reached XP level 5. HP: 28/28 MP: 7/13
  3061 | D:4      | Noticed Ijyb
  3072 | D:4      | Killed Ijyb
  3073 | D:4      | Reached skill level 1 in Translocations
  3251 | D:4      | Noticed an ogre
  3258 | D:4      | Killed an ogre
  3259 | D:4      | Reached skill level 5 in Spellcasting
  3259 | D:4      | Reached XP level 6. HP: 32/32 MP: 1/15
  3372 | D:4      | Found a staircase to the Ecumenical Temple.
  3381 | Temple   | Entered the Ecumenical Temple
  3595 | Temple   | Became a worshipper of Vehumet
  3970 | D:4      | Reached skill level 7 in Conjurations
  4120 | D:4      | Learned a level 3 spell: Dazzling Flash
  4595 | D:5      | Entered Level 5 of the Dungeon
  4688 | D:5      | Reached * piety under Vehumet
  4688 | D:5      | Offered knowledge of Sandblast by Vehumet.
  4760 | D:5      | Reached skill level 1 in Fighting
  4760 | D:5      | Reached XP level 7. HP: 36/38 MP: 9/17
  5001 | D:5      | Noticed a two-headed ogre
  5023 | D:5      | Slain by a two-headed ogre

Illustrated notes

Levels and vault maps discovered:
D:1:      ebering_trefoil_twist, layout_basic
D:2:      layout_basic, dreamdust_ecumenical_altar_grove
D:3:      layout_rooms
D:4:      layout_loops_cross, minmay_temple_entry_purple_smoke,
          minmay_misc_feat_cross, uniq_ijyb
D:5:      layout_basic
Temple:   compressed_dpeg_triangle_lava_temple

Skill      XL: |  1  2  3  4  5  6 |
---------------+-------------------+-----
Conjurations   | 5 6 7 |  7.4
Spellcasting   | 4 5 |  5.7
Translocations | 1 2 |  2.6
Dodging        | 3 |  3.2
Fighting       | 1 |  1.1
Stealth        | |  2.4

Action                   |  1- 3 |  4- 6 |  7- 9 || total
-------------------------+-------+-------+-------++-------
Melee: Long sword        |       |     1 |       ||     1
 Cast: Magic Dart        |    71 |   133 |     9 ||   213
       Searing Ray       |     2 |     7 |     1 ||    10
       Mephitic Cloud    |       |     2 |     3 ||     5
       Iskenderun's Myst |       |     1 |     2 ||     3
Evoke: Wand              |       |     1 |     4 ||     5
  Use: Scroll            |     1 |     8 |       ||     9
       Potion            |       |     5 |       ||     5
Armor: Robe              |     3 |     3 |       ||     6
Dodge: Dodged            |     4 |    18 |     6 ||    28
